 Dungeon Crawl Stone Soup version 0.27-a0-1381-g81fdcbfb23 (webtiles) character file.

Game seed: 10466631430638915957

4818 Bapho the Cruncher (level 10, -8/61 HPs)
             Began as a Gargoyle Monk on June 30, 2021.
             Was a Priest of the Shining One.
             Mangled by an efreet (21 damage)
             ... on level 8 of the Dungeon.
             The game lasted 00:16:58 (8570 turns).

Bapho the Cruncher (Gargoyle Monk)                  Turns: 8570, Time: 00:16:58

Health: -8/61      AC:  0    Str: 19    XL:     10   Next: 48%
Magic:  10/12      EV: 14    Int: 10    God:    the Shining One [***...]
Gold:   311        SH:  7    Dex: 10    Spells: 9/9 levels left

rFire    + . .     SeeInvis .   (weapon currently unavailable)
rCold    + . .     Faith    .   (shield currently unavailable)
rNeg     + + .     Spirit   .   (armour currently unavailable)
rPois    ∞         Reflect  .   (helmet currently unavailable)
rElec    +         Harm     .   (cloak currently unavailable)
rCorr    +         Rampage  .   (gloves currently unavailable)
Will     .....                  (boots currently unavailable)
Stlth    +.........             m - amulet of regeneration
HPRegen  1.20/turn              (ring currently unavailable)
MPRegen  0.13/turn              (ring currently unavailable)

@: divinely shielded, pig-form, resistant, glowing, very quick
A: fast, no casting, sickness immunity, AC +7, small, negative energy resistance
1, (electricity resistance), torment resistance 1, petrification resistance,
clumsy 1, robust 1
a: Renounce Religion, Divine Shield


You were on level 8 of the Dungeon.
You worshipped the Shining One.
The Shining One was most pleased with you.
You were a filthy swine.
You visited 2 branches of the dungeon, and saw 9 of its levels.
You also visited: Ossuary.

You collected 377 gold pieces.
You spent 66 gold pieces at shops.

Inventory:

Hand Weapons
 a - a +0 mace
 j - a +0 quarterstaff of speed
 v - the +1 lajatang "Spiderslayer" (melded) {elec, Dex+3}
   (You acquired it on level 4 of the Dungeon)

   Occasionally, upon striking a foe, it can discharge electrical energy and
   cause terrible harm.
   Dex:       It affects your dexterity (+3).
Missiles
 f - 86 bolts
 i - 205 stones (quivered)
 H - 2 throwing nets
Armour
 b - a +0 robe
 g - a +0 helmet
 h - a +0 leather armour
 G - a +2 helmet (melded)
 K - a +0 chain mail (melded)
 M - a +0 cloak (melded)
Jewellery
 m - an amulet of regeneration (around neck)
 N - a +6 ring of dexterity (melded)
Wands
 t - a wand of iceblast (17)
 C - a wand of flame (20)
 J - a wand of digging (8)
Scrolls
 d - 2 scrolls of acquirement
 l - 2 scrolls of vulnerability {unknown}
 p - 2 scrolls of magic mapping {unknown}
 s - a scroll of enchant weapon {unknown}
 w - 4 scrolls of noise {unknown}
 x - 6 scrolls of teleportation
 y - a scroll of fog {unknown}
 B - a scroll of enchant armour {unknown}
 E - a scroll of holy word {unknown}
 F - 2 scrolls of amnesia {unknown}
 I - a scroll of silence {unknown}
 L - a scroll of identify
Potions
 c - 4 potions of lignification
 k - 3 potions of attraction
 n - a potion of magic
 q - 4 potions of curing
 r - 4 potions of haste
 u - 3 potions of degeneration
 z - a potion of mutation
 A - 3 potions of might
 D - a potion of brilliance


   Skills:
 - Level 3.2 Fighting
 - Level 5.9(10.5) Maces & Flails
 + Level 13.2(13.6) Staves
 - Level 2.4 Dodging
 - Level 2.1 Stealth
 - Level 3.8 Invocations


You had 9 spell levels left.
You didn't know any spells.
Your spell library contained the following spells:

 Spells                   Type           Power      Damage    Failure   Level
 Sandblast                Erth           0%         2d4       36%         1
 Passwall                 Tmut/Erth      0%         N/A       50%         2
 Confusing Touch          Hex            0%         N/A       75%         3
 Gell's Gravitas          Tloc           0%         N/A       75%         3
 Stone Arrow              Conj/Erth      0%         3d7       75%         3
 Cause Fear               Hex            0%         N/A       98%         4
 Petrify                  Tmut/Erth      0%         N/A       98%         4
 Lee's Rapid Deconstruct  Erth           0%         3d5*      100%        5
 Metabolic Englaciation   Hex/Ice        0%         N/A       100%        5
 Silence                  Hex/Air        0%         N/A       100%        5
 Yara's Violent Unravell  Hex/Tmut       0%         3d3       100%        5
 Discord                  Hex            0%         N/A       100%        8


Dungeon Overview and Level Annotations

Branches:
Dungeon (8/15)             Temple (1/1) D:4         Ossuary (visited)
   Lair: D:8-11

Altars:
Ashenzari
Cheibriados
Dithmenos
Elyvilon
Fedhas
Gozag
Hepliaklqana
Kikubaaqudgha
Makhleb
Nemelex Xobeh
Okawaru
Qazlal
Ru
Sif Muna
Trog
Uskayaw
Vehumet
Wu Jian
Xom
Yredelemnul
Zin
The Shining One

Shops:
D:5 *?**

Annotations:
D:3 3 runed translucent doors, Gargoyl's ghost, amateur GnAK
D:8 1 runed translucent door


Innate Abilities, Weirdness & Mutations

You are a filthy swine.
You move quickly.
Your equipment is almost entirely melded.
You are incapable of wielding weapons or throwing items.
You cannot cast spells.
You are immune to sickness and miasma.
((Your stone body is resilient. (AC +7)))
You are immune to poison.
You resist negative energy. (rN+)
((You are resistant to electric shocks. (rElec)))
You are resistant to unholy torment.
You are immune to petrification.
You are clumsy. (Dex -2)
You are robust. (+10% HP)


Message History

* * * LOW HITPOINT WARNING * * *
It was a potion of mutation.
You feel extremely strange.
You feel robust.
You feel clumsy.
The centaur warrior completely misses you.
You block the centaur warrior's attack.
You hit the centaur warrior.
Lightning courses through the centaur warrior!!
The centaur warrior is severely wounded.
You block the centaur warrior's attack.
The centaur warrior completely misses you.
You slash the centaur warrior!
Lightning courses through the centaur warrior!!
You kill the centaur warrior!
The efreet barely misses you.
Your Staves skill increases to level 13!
You feel protected. The efreet gestures at you.
The fireball explodes!
The fireball engulfs the efreet.
The efreet completely resists.
The fireball engulfs you. You resist.
* * * LOW HITPOINT WARNING * * *
The efreet zaps a wand.
You turn into a filthy swine.
The +1 lajatang "Spiderslayer" {elec, Dex+3} melds into your body.
Your +0 cloak melds into your body.
Your +2 helmet melds into your body.
Your +0 chain mail melds into your body.
Your +6 ring of dexterity melds into your body.
The +1 lajatang "Spiderslayer" {elec, Dex+3} stops crackling.
You feel clumsy.
You hear a shout!
You hear an angry buzzing noise. x2; You hear a shout!
You hear an angry buzzing noise.
You hear a shout!
You hear an angry buzzing noise.
You hear a shout! x3
You hit the efreet but do no damage. You hit the efreet.
The efreet is lightly wounded.
A killer bee comes into view.
The efreet misses you.
As you read the scroll of fear, it crumbles to dust.
You assume a fearsome visage.
The efreet is unaffected. x2
The killer bee looks frightened!
The efreet hits you with a +4 scimitar of flaming!!
You die...

#...<.......#####...##
#..........## #.....#.
##..........## #.......
##............###..#....
........................
.#.......#.###..###+###.
#....)..####.)## ##
##.....## #..## #
#.##..h####.##
#......)R°...#
#..........R☼#
.............○.☼JR.#
.............#.#.c.l
.............#.# .$
+##..........# .
≈.#....##..... #. ...
#..... #.


You could see 2 efreet.

Vanquished Creatures
  2 centaur warriors (D:8)
  A hornet (D:7)
  3 yaks (D:7)
  A wyvern (D:7)
  Eustachio (D:5)
  Menkaure (D:5)
  2 water moccasins (D:6)
  Duvessa (D:5)
  A black bear (D:6)
  A hornet zombie (Ossuary)
  5 ogres
  A sky beast (D:7)
  An ice beast (D:7)
  2 bullfrogs
  A water moccasin zombie (Ossuary)
  Dowan (D:5)
  4 bullfrog zombies (Ossuary)
  2 jellies
  2 hounds
  4 centaur zombies (Ossuary)
  6 iguanas
  2 orc wizards (D:7)
  A killer bee zombie (Ossuary)
  A howler monkey zombie (Ossuary)
  14 mummies (Ossuary)
  Robin (D:4)
  11 gnolls
  4 adders
  A white imp (D:6)
  An ufetubus (D:5)
  An adder skeleton (D:4)
  A worm (D:5)
  4 dart slugs
  3 orcs
  3 endoplasms
  2 giant cockroaches
  15 goblins
  13 hobgoblins
  3 quokkas
  3 ball pythons (D:4)
  3 bats
  2 frilled lizards (D:1)
  6 kobolds
  2 rats
140 creatures vanquished.

Vanquished Creatures (others)
  12 withered plants (Ossuary)
12 creatures vanquished.

Grand Total: 152 creatures vanquished

Notes
Turn   | Place    | Note
-------+----------+-------------------------------------------
     0 | D:1      | Bapho the Gargoyle Monk began the quest for the Orb.
     0 | D:1      | Reached XP level 1. HP: 14/14 MP: 1/1
   537 | D:1      | Found a faded altar of an unknown god.
   798 | D:1      | Reached XP level 2. HP: 18/19 MP: 2/2
  1107 | D:2      | Found a shadowy altar of Dithmenos.
  1767 | D:2      | Reached skill level 1 in Staves
  1804 | D:3      | Reached XP level 3. HP: 22/23 MP: 3/3
  1894 | D:3      | Noticed Gargoyl's ghost (amateur GnAK)
  1899 | D:3      | Found a runed translucent gate.
  1899 | D:3      | Found a runed translucent gate.
  1899 | D:3      | Found a runed translucent gate.
  1978 | D:3      | Reached XP level 4. HP: 26/28 MP: 4/4
  2619 | D:4      | Reached skill level 5 in Maces & Flails
  2749 | D:4      | Reached XP level 5. HP: 32/32 MP: 5/5
  3155 | D:4      | Noticed Robin
  3167 | D:4      | Killed Robin
  3192 | D:4      | Noticed an ogre
  3431 | D:4      | Identified 3 scrolls of acquirement
  3431 | D:4      | Acquired the +1 lajatang "Spiderslayer" {elec, Dex+3}
  3451 | D:4      | Killed an ogre
  3452 | D:4      | Reached skill level 3 in Staves
  3452 | D:4      | Reached XP level 6. HP: 33/37 MP: 6/6
  3525 | D:4      | Found a staircase to the Ecumenical Temple.
  3548 | Temple   | Entered the Ecumenical Temple
  3670 | Temple   | Became a worshipper of the Shining One
  3670 | Temple   | Reached * piety under the Shining One
  3670 | Temple   | Reached ** piety under the Shining One
  3770 | D:4      | Found an ornate altar of the Wu Jian Council.
  3777 | D:4      | Found a shimmering altar of Xom.
  3783 | D:4      | Found a blossoming altar of Fedhas.
  3794 | D:4      | Found a broken altar of Ashenzari.
  3801 | D:4      | Found a hazy altar of Hepliaklqana.
  3807 | D:4      | Found a white marble altar of Elyvilon.
  3814 | D:4      | Found a sparkling altar of Nemelex Xobeh.
  4316 | D:5      | Entered Level 5 of the Dungeon
  4316 | D:5      | Found Megh's Assorted Antiques.
  4323 | D:5      | Found a sand-covered staircase.
  4329 | Ossuary  | Entered an ossuary
  4347 | Ossuary  | Reached skill level 4 in Staves
  4375 | Ossuary  | Reached skill level 5 in Staves
  4375 | Ossuary  | Reached XP level 7. HP: 41/41 MP: 7/7
  4434 | Ossuary  | Reached *** piety under the Shining One
  4442 | Ossuary  | Reached skill level 6 in Staves
  4626 | Ossuary  | Reached XP level 8. HP: 46/46 MP: 8/8
  4661 | Ossuary  | Reached skill level 7 in Staves
  4726 | Ossuary  | Reached **** piety under the Shining One
  4859 | D:5      | Reached skill level 8 in Staves
  4974 | D:5      | Found Jarad's Assorted Antiques.
  5068 | D:5      | Noticed Dowan
  5071 | D:5      | Killed Dowan
  5078 | D:5      | Noticed Duvessa
  5093 | D:5      | Killed Duvessa
  5094 | D:5      | Reached skill level 1 in Invocations
  5399 | D:5      | Noticed Eustachio
  5421 | D:5      | Killed Eustachio
  5422 | D:5      | Reached skill level 9 in Staves
  5453 | D:5      | Noticed Menkaure
  5890 | D:5      | Killed Menkaure
  5891 | D:5      | Reached XP level 9. HP: 19/51 MP: 11/11
  6100 | D:5      | Found Veack's Magic Scroll Shoppe.
  6117 | D:5      | Bought a scroll of identify for 22 gold pieces
  6117 | D:5      | Bought a scroll of identify for 22 gold pieces
  6117 | D:5      | Bought a scroll of identify for 22 gold pieces
  6166 | D:5      | Found Wumpopnenai's Assorted Antiques.
  7091 | D:6      | Reached skill level 10 in Staves
  7534 | D:7      | Noticed a hornet
  7550 | D:7      | Killed a hornet
  7551 | D:7      | Reached skill level 11 in Staves
  7989 | D:7      | Reached skill level 12 in Staves
  7989 | D:7      | Reached XP level 10. HP: 56/56 MP: 9/12
  8509 | D:8      | Noticed a centaur warrior
  8509 | D:8      | Noticed a centaur warrior
  8526 | D:8      | Killed a centaur warrior
  8556 | D:8      | Found a runed translucent door.
  8564 | D:8      | Gained mutation: You are robust. (+10% HP) [potion of
                  | mutation]
  8564 | D:8      | Gained mutation: You are clumsy. (Dex -2) [potion of
                  | mutation]
  8566 | D:8      | Killed a centaur warrior
  8567 | D:8      | Reached skill level 13 in Staves
  8570 | D:8      | Mangled by an efreet

Illustrated notes

Levels and vault maps discovered:
D:1:      ncdulo_lavacross, layout_basic,
          shapermc_ecumenical_altar_starsandcircs, minmay_crystal_room,
          chequers_serial_rivers_marsh
D:2:      layout_basic, basic_altar
D:3:      layout_loops_ring, gammafunk_ghost_split, chequers_garden
D:4:      layout_basic, grunt_temple_overflow_octagram,
          minmay_temple_entry_grid, roderic_serpentine_path,
          minmay_misc_feat_ornament, st_stairs_4, uniq_robin
D:5:      layout_layer_cave, serial_shops, shop, nicolae_stop_n_shop_2,
          nicolae_square_shop, nicolae_stop_n_shop_2,
          nicolae_ossuary_entry_plus, nrook_loot_triangle, uniq_menkaure,
          uniq_eustachio, uniq_duvessa
D:6:      layout_cave_pools, serial_glass, glass_columns_a, glass_columns_a
D:7:      layout_basic
D:8:      minmay_the_grid_octo_triangle [minmay_the_grid_octo_horde,
          minmay_the_grid_octo_prize_big_c, minmay_the_grid_octo_odd_swirl],
          layout_cave_pools, ebering_ghost_reflecting_pool
Temple:   regret_index_temple_waves

Skill      XL: |  1  2  3  4  5  6  7  8  9 10 |
---------------+-------------------------------+-----
Staves         | 1 3 5 6 9 12 13 | 13.2
Maces & Flails | 4 5 |  5.9
Invocations    | 3 |  3.8
Fighting       | |  3.2
Dodging        | |  2.4
Stealth        | |  2.1

Action                   |  1- 3 |  4- 6 |  7- 9 | 10-12 || total
-------------------------+-------+-------+-------+-------++-------
Melee: Mace              |    37 |       |       |       ||    37
       Quarterstaff      |    47 |   126 |       |       ||   173
       Lajatang          |       |    33 |   186 |    29 ||   248
       Unarmed           |       |       |       |     2 ||     2
Throw: Stone             |    80 |    86 |   128 |    10 ||   304
Invok: Divine Shield     |       |       |     2 |     2 ||     4
  Use: Scroll            |     2 |     1 |     9 |     1 ||    13
       Potion            |       |     1 |     2 |     2 ||     5
 Stab: Sleeping          |       |     1 |       |       ||     1
Armor: Leather armour    |    34 |    28 |    35 |       ||    97
       Robe              |     1 |       |       |       ||     1
       Chain mail        |       |       |    23 |    17 ||    40
Dodge: Dodged            |    64 |    65 |    78 |    14 ||   221
Block: Other             |       |       |     3 |     4 ||     7

Table legend: (Time is in decaauts)
 A = Elapsed time spent in this place.
 B = Non-inter-level travel time spent in this place.
 C = Inter-level travel time spent in this place.
 D = Time resting spent in this place.
 E = Time spent auto-exploring this place.
 F = Levels seen in this place.
 G = Mean time per level.
                   A        B        C        D        E       F      G
               +--------+--------+--------+--------+--------+-----+--------+
         Total |   8620 |   8315 |    305 |    967 |   5969 |  10 |  862.0 |
       Dungeon |   7899 |   7656 |    243 |    945 |   5597 |   8 |  987.4 |
        Temple |    143 |     81 |     62 |      0 |     80 |   1 |  143.0 |
       Ossuary |    577 |    577 |      0 |     22 |    292 |   1 |  577.0 |
               +--------+--------+--------+--------+--------+-----+--------+

Top non-repeatable levels by time:
     D:4: 1961 daAuts
     D:5: 1525 daAuts
     D:1: 1105 daAuts
     D:7: 984 daAuts
     D:3: 813 daAuts
     D:2: 698 daAuts
     D:6: 644 daAuts
 Ossuary: 577 daAuts
     D:8: 165 daAuts
  Temple: 143 daAuts
